Map: Acid Plant LE

Players

HateMe - Winner!

  • Race: Zerg Zerg
  • Spawn Location: 11:00

Nice

  • Race: Protoss Protoss
  • Spawn Location: 5:00

Event: WCS Valencia 2018

VOD

Have the link to the VOD?

Description

Time

  • Played on: July 12, 2018, 7:33 a.m.
  • Length: 9:09

All games in this series

Show
View Real Time Build Order
Export as new Build Order

HateMe Zerg - Winner!

Build Orders: Hatch First 

Get SALT Encoding   

  12  0:02  Drone  
  13  0:12  Overlord  
  13  0:18  Drone  
  14  0:31  Drone x2  
  14  0:34  Drone  
  17  0:51  Hatchery  
  17  0:55  Drone  
  17  0:58  Drone  
  17  1:03  Extractor  
  17  1:13  Spawning Pool  
  17  1:16  Drone  
  17  1:20  Drone  
  18  1:28  Drone  
  19  1:39  Overlord  
  19  1:50  Drone  
  20  2:00  Queen  
  22  2:02  Zergling x2  
  22  2:03  Queen  
  22  2:04  Zergling x2  
  22  2:06  Metabolic Boost  
  26  2:11  Drone  
  26  2:14  Drone  
  28  2:21  Drone  
  29  2:25  Drone  
  30  2:37  Hatchery  
  30  2:42  Queen  
  31  2:49  Overlord  
  31  2:51  Zergling x2  
  32  2:53  Zergling x2  
  32  2:55  Zergling x2  
  32  2:56  Drone  
  35  2:59  Drone  
  36  3:07  Overlord  
  36  3:08  Drone  
  36  3:10  Drone x2  
  39  3:13  Drone  
  40  3:21  Queen  
  40  3:25  Drone x2  
  44  3:29  Drone x2  
  44  3:33  Spore Crawler  
  45  3:39  Overlord  
  45  3:42  Lair  
  45  3:44  Drone  
  46  3:49  Overlord  
  46  3:50  Drone  
  46  3:52  Drone  
  46  3:54  Drone  
  49  3:56  Drone  
  49  3:57  Drone  
  49  4:01  Drone x2  
  52  4:06  Spore Crawler  
  52  4:07  Drone  
  52  4:08  Drone  
  52  4:09  Drone  
  54  4:10  Drone  
  54  4:16  Drone x2  
  50  4:17  Drone  
  50  4:20  Drone  
  52  4:29  Overlord  
  52  4:30  Drone x3  
  53  4:33  Drone  
  53  4:34  Drone  
  53  4:37  Spore Crawler  
  52  4:40  Extractor  
  52  4:42  Extractor, Spore Crawler  
  52  4:45  Roach Warren  
  49  4:48  Evolution Chamber  
  48  4:53  Drone  
  48  4:55  Queen  
  51  5:00  Zergling x6  
  54  5:07  Overlord  
  54  5:12  Drone x6  
  54  5:13  Drone  
  61  5:16  Zerg Missile Weapons Level 1  
  61  5:24  Glial Reconstitution  
  61  5:25  Overlord x2  
  61  5:28  Overseer  
  61  5:30  Roach  
  61  5:45  Queen x2  
  61  5:46  Queen  
  65  5:54  Drone x3  
  65  5:55  Spire  
  65  5:56  Overlord  
  65  5:59  Drone  
  65  6:00  Drone  
  65  6:01  Drone  
  65  6:04  Drone x2  
  69  6:09  Drone x4  
  74  6:13  Extractor x3  
  74  6:15  Drone x2  
  72  6:19  Roach  
  72  6:20  Roach  
  72  6:21  Zergling x4  
  72  6:23  Roach  
  80  6:33  Zergling x12  
  80  6:34  Zergling x4  
  80  6:36  Roach  
  90  6:45  Zergling x2  
  90  6:46  Zergling x6  
  89  6:57  Drone  
  89  6:58  Drone x5  
  89  6:59  Drone  
  94  7:09  Drone x5  
  99  7:17  Drone x2  
  99  7:27  Hatchery  
  99  7:29  Drone  
  98  7:30  Overlord  
  98  7:32  Mutalisk x3  
  98  7:35  Overlord x2  
  104  7:43  Hydralisk Den  
  101  7:44  Overlord  
  101  7:45  Overlord, Mutalisk x2  
  101  7:50  Mutalisk x2  
  109  7:54  Mutalisk x2  
  103  8:01  Mutalisk x2  
  101  8:12  Mutalisk  
  101  8:13  Mutalisk  
  101  8:16  Zergling x22  
  116  8:26  Overlord x2  
  116  8:29  Hydralisk x3  
  116  8:32  Overlord  
  122  8:36  Hydralisk  
  122  8:37  Hydralisk x2  
Show
View Real Time Build Order
Export as new Build Order

Nice Protoss 

Build Orders: 1 Gate Expand, Oracle Opening 

Get SALT Encoding   

  12  0:01  Probe  
  13  0:13  Probe  
  14  0:20  Pylon  
  14  0:25  Probe  
  15  0:35  Probe  
  15  0:42  Gateway  
  16  0:43  Probe  
  16  0:48  Assimilator  
  17  0:52  Probe  
  18  1:04  Probe  
  19  1:17  Probe  
  20  1:24  Nexus  
  20  1:35  Cybernetics Core  
  20  1:38  Probe  
  21  1:44  Assimilator  
  21  1:50  Probe  
  22  2:02  Probe  
  22  2:03  Pylon  
  23  2:12  Adept  
  23  2:21  Probe  
  26  2:24  Stargate  
  26  2:30  Adept  
  26  2:31  Warp Gate  
  26  2:33  Probe  
  26  2:35  Probe  
  27  2:43  Probe  
  29  2:45  Probe  
  31  2:52  Probe  
  31  2:57  Probe  
  35  3:02  Stalker  
  35  3:04  Oracle, Probe  
  36  3:10  Probe  
  37  3:16  Probe  
  41  3:22  Probe  
  42  3:28  Probe  
  42  3:30  Gateway  
  42  3:32  Adept  
  42  3:33  Pylon  
  42  3:34  Probe  
  46  3:47  Oracle  
  46  3:51  Pylon, Probe x2  
  46  3:52  Assimilator  
  46  3:53  Assimilator  
  51  4:03  Probe x2  
  51  4:15  Probe x2  
  51  4:17  Oracle  
  47  4:27  Probe x2  
  50  4:39  Probe x2  
  52  4:47  Probe  
  52  4:51  Probe  
  54  4:55  Probe  
  54  4:59  Gateway  
  58  5:01  Gateway  
  58  5:03  Probe  
  58  5:04  Pylon  
  58  5:06  Probe  
  56  5:12  Adept x2  
  61  5:16  Probe  
  61  5:18  Robotics Facility  
  61  5:20  Forge  
  62  5:22  Probe, Pylon  
  62  5:24  Pylon  
  62  5:28  Probe  
  64  5:34  Probe  
  65  5:37  Protoss Ground Weapons Level 1  
  62  5:48  Nexus  
  62  5:50  Probe  
  62  5:51  Pylon  
  62  5:52  Adept x2  
  66  6:02  Probe  
  66  6:03  Robotics Facility  
  68  6:06  Adept x2  
  68  6:08  Observer  
  68  6:11  Probe, Robotics Bay  
  73  6:23  Probe  
  75  6:25  Probe  
  75  6:30  Robotics Facility  
  75  6:33  Twilight Council  
  75  6:35  Sentry x2, Probe  
  75  6:37  Pylon, Probe  
  81  6:48  Probe  
  81  6:49  Probe  
  81  6:50  Colossus  
  83  6:59  Probe x2  
  75  7:03  Probe  
  75  7:06  Colossus  
  75  7:07  Probe  
  84  7:15  Shield Battery, Zealot x2, Probe  
  86  7:27  Zealot x2  
  86  7:34  Colossus  
  85  7:38  Pylon  
  85  7:42  Probe  
  90  7:52  Colossus  
  92  8:04  Nexus  
  92  8:05  Pylon  
  92  8:08  Sentry x3  
  98  8:13  Immortal  
  102  8:21  Pylon  
  102  8:23  Probe  
  102  8:25  Pylon  
  103  8:27  Probe  
  104  8:35  Pylon  
  104  8:39  Photon Cannon  
  104  8:43  Stalker  
  104  8:44  Stalker x2  
  105  9:00  Stalker  
Tags
 
Add a new tag
Caveats
  • Supply blocks, unpowered buildings, or Contaminate may cause inaccurate times.
  • Supply counts are checked every 10 seconds.